[Event "ICCopen2017"]
[Site "Internet Chess Club"]
[Date "2017.03.25"]
[Round "2"]
[White "Colombiano07"]
[Black "SPARNALIQ"]
[Result "0-1"]
[ICCResult "White resigns"]
[WhiteElo "1990"]
[BlackElo "3004"]
[Opening "Queen's pawn game"]
[ECO "A46"]
[NIC "QP.06"]
[Time "14:17:25"]
[TimeControl "180+0"]

1. d4 Nf6 2. Nf3 c5 3. e3 d5 4. Be2 Nc6 5. O-O Bf5 6. b3 e6 7. Bb2 cxd4 8.
Nxd4 Nxd4 9. Bxd4 Bd6 10. c4 O-O 11. Nc3 e5 12. Nxd5 Nxd5 13. cxd5 exd4 14.
Qxd4 Re8 15. Bf3 Be5 {White resigns} 0-1

[Event "ICCopen2017"]
[Site "Internet Chess Club"]
[Date "2017.03.25"]
[Round "2"]
[White "schindi24"]
[Black "Skeptic1972"]
[Result "0-1"]
[ICCResult "White resigns"]
[WhiteElo "1317"]
[BlackElo "1641"]
[Opening "QGD: Tarrasch defense"]
[ECO "D32"]
[NIC "TD.11"]
[Time "14:17:12"]
[TimeControl "180+0"]

1. d4 d5 2. c4 e6 3. cxd5 exd5 4. Nc3 c5 5. Nf3 Nc6 6. e3 c4 7. Qa4 Nf6 8.
Ne5 Bd7 9. Nxd7 Qxd7 10. Be2 Bb4 11. Bd2 O-O 12. O-O Bxc3 13. Bxc3 Nxd4 14.
Qxd7 Nxe2+ 15. Kh1 Nxd7 {White resigns} 0-1

[Event "ICCopen2017"]
[Site "Internet Chess Club"]
[Date "2017.03.25"]
[Round "2"]
[White "Barbos"]
[Black "chess222"]
[Result "1-0"]
[ICCResult "Black resigns"]
[WhiteElo "2495"]
[BlackElo "1848"]
[Opening "QGD: classical variation (5.Bf4)"]
[ECO "D37"]
[NIC "QO.04"]
[Time "14:16:47"]
[TimeControl "180+0"]

1. d4 d5 2. c4 e6 3. Nf3 Nf6 4. Nc3 Be7 5. Bf4 O-O 6. e3 b6 7. cxd5 exd5 8.
Bd3 Bg4 9. h3 Be6 10. O-O c5 11. a4 Nc6 12. Bb5 Rc8 13. Ba6 Qd7 14. Bxc8
Rxc8 15. Ne5 Nxe5 16. Bxe5 Kh8 17. dxc5 bxc5 18. Qe2 c4 19. Rfd1 Bxh3 20.
Bxf6 gxf6 21. Nxd5 {Black resigns} 1-0

[Event "ICCopen2017"]
[Site "Internet Chess Club"]
[Date "2017.03.25"]
[Round "2"]
[White "FGM21"]
[Black "Shafkat"]
[Result "1-0"]
[ICCResult "Black resigns"]
[WhiteElo "1924"]
[BlackElo "1495"]
[Opening "Scotch: Mieses variation"]
[ECO "C45"]
[NIC "SO.04"]
[Time "14:17:11"]
[TimeControl "180+0"]

1. e4 e5 2. Nf3 Nc6 3. d4 exd4 4. Nxd4 Nf6 5. Nxc6 bxc6 6. e5 Qe7 7. Qe2 Nd5
8. c4 Ba6 9. Nd2 g6 10. Ne4 Bg7 11. Bg5 Qb4+ 12. Qd2 Qxd2+ 13. Kxd2 Bxe5 14.
cxd5 Bxf1 15. Rhxf1 cxd5 16. Nf6+ Bxf6 17. Bxf6 d6 18. Bxh8 O-O-O 19. Bf6
{Black resigns}
1-0

[Event "ICCopen2017"]
[Site "Internet Chess Club"]
[Date "2017.03.25"]
[Round "2"]
[White "flashlight"]
[Black "DBbeatME"]
[Result "1-0"]
[ICCResult "Black checkmated"]
[WhiteElo "2054"]
[BlackElo "1352"]
[Opening "Levitsky attack (Queen's bishop attack)"]
[ECO "D00"]
[NIC "QP.08"]
[Time "14:16:55"]
[TimeControl "180+0"]

1. d4 d5 2. Bg5 Nc6 3. Nf3 Bf5 4. e3 Qd7 5. Bb5 f6 6. Bh4 e6 7. O-O Nge7 8.
c4 O-O-O 9. cxd5 Qxd5 10. Nc3 Qd7 11. Rc1 g5 12. Bg3 g4 13. Nd2 h5 14. Nb3
h4 15. Nc5 Qe8 16. Bf4 Ng6 17. Nxb7 Kxb7 18. Na4 Nge7 19. Qb3 Kc8 20. Nc5
Nd5 21. Ba6# {Black checkmated} 1-0

[Event "ICCopen2017"]
[Site "Internet Chess Club"]
[Date "2017.03.25"]
[Round "2"]
[White "GulkovIgor"]
[Black "muhit"]
[Result "1-0"]
[ICCResult "Black resigns"]
[WhiteElo "2375"]
[BlackElo "1812"]
[Opening "English: symmetrical, four knights system"]
[ECO "A30"]
[NIC "QP.11"]
[Time "14:18:07"]
[TimeControl "180+0"]

1. Nf3 Nf6 2. c4 c5 3. Nc3 Nc6 4. d4 cxd4 5. Nxd4 g6 6. e4 d6 7. Be2 Bg7 8.
Be3 a6 9. O-O Nxd4 10. Bxd4 O-O 11. Qd2 Bd7 12. f3 Bc6 13. Rfd1 Qa5 14. Nd5
Bxd5 15. Qxa5 {Black resigns} 1-0

[Event "ICCopen2017"]
[Site "Internet Chess Club"]
[Date "2017.03.25"]
[Round "2"]
[White "TheRocket"]
[Black "ucanresign"]
[Result "1-0"]
[ICCResult "Black resigns"]
[WhiteElo "2196"]
[BlackElo "1571"]
[Opening "Scandinavian (center counter) defense"]
[ECO "B01"]
[NIC "VO.17"]
[Time "14:17:01"]
[TimeControl "180+0"]

1. e4 d5 2. exd5 Qxd5 3. c4 Qe5+ 4. Qe2 Qxe2+ 5. Nxe2 c6 6. Nbc3 Nf6 7. g3
Bf5 8. Bg2 e6 9. O-O h6 10. d4 Be7 11. Be3 O-O 12. h3 Nbd7 13. Rfd1 Rad8 14.
Rac1 Rfe8 15. a3 a6 16. c5 Nd5 17. Nxd5 exd5 18. Nf4 Nf6 19. Nd3 Be4 20. f3
Bg6 21. Bf2 Rd7 22. Re1 Rdd8 23. Rc2 Bf8 24. Rce2 Rxe2 25. Rxe2 Re8 26. Rxe8
Nxe8 27. Ne5 Bh7 28. h4 Be7 29. Bh3 Nf6 30. Bc8 Ne8 31. Bxb7 {Black resigns}
1-0

[Event "ICCopen2017"]
[Site "Internet Chess Club"]
[Date "2017.03.25"]
[Round "2"]
[White "xvs"]
[Black "Ticktockman"]
[Result "1-0"]
[ICCResult "Black resigns"]
[WhiteElo "1606"]
[BlackElo "1067"]
[Opening "Scandinavian (center counter) defense"]
[ECO "B01"]
[NIC "SD.02"]
[Time "14:18:14"]
[TimeControl "180+0"]

1. e4 d5 2. exd5 Qxd5 3. Nc3 Qe5+ 4. Be2 e6 5. Nf3 Qd6 6. O-O Nf6 7. d4 g6
8. Bg5 Qd8 9. Nb5 Bd6 10. c4 Nbd7 11. d5 c6 12. dxe6 fxe6 13. Nxd6+ Ke7 14.
Re1 h6 15. Bh4 g5 16. Bg3 Ne4 17. Nxe4 {Black resigns} 1-0

[Event "ICCopen2017"]
[Site "Internet Chess Club"]
[Date "2017.03.25"]
[Round "2"]
[White "touchthis"]
[Black "shally"]
[Result "0-1"]
[ICCResult "White checkmated"]
[WhiteElo "1427"]
[BlackElo "1908"]
[Opening "Bird: From gambit"]
[ECO "A02"]
[NIC "VO.07"]
[Time "14:18:16"]
[TimeControl "180+0"]

1. f4 e5 2. fxe5 d6 3. Nf3 Nc6 4. e4 dxe5 5. Bc4 Bc5 6. d3 Nf6 7. Bg5 h6 8.
Bxf6 Qxf6 9. Nbd2 Be6 10. Bb5 O-O-O 11. Bxc6 bxc6 12. Qe2 g5 13. O-O-O Bxa2
14. b3 Ba3# {White checkmated} 0-1

[Event "ICCopen2017"]
[Site "Internet Chess Club"]
[Date "2017.03.25"]
[Round "2"]
[White "weakfish"]
[Black "topotun"]
[Result "0-1"]
[ICCResult "White resigns"]
[WhiteElo "1304"]
[BlackElo "2895"]
[Opening "Sicilian defense"]
[ECO "B44"]
[NIC "SI.39"]
[Time "14:16:28"]
[TimeControl "180+0"]

1. e4 c5 2. Nf3 e6 3. d4 cxd4 4. Nxd4 Nc6 5. Nxc6 bxc6 6. Nc3 d5 7. exd5
cxd5 8. Bb5+ Bd7 9. Bxd7+ Qxd7 10. O-O Nf6 11. Re1 Be7 12. Bg5 O-O 13. Qe2
Rfc8 14. Rad1 Rab8 15. Bxf6 Bxf6 16. Ne4 Bxb2 17. Rd2 Bc3 18. Nxc3 Rxc3 19.
Qg4 Rbc8 20. Qd1 Qa4 21. Rxd5 exd5 22. Qxd5 Rxc2 23. Qb7 Rc1 {White resigns}
0-1

[Event "ICCopen2017"]
[Site "Internet Chess Club"]
[Date "2017.03.25"]
[Round "2"]
[White "icewoman"]
[Black "oli2"]
[Result "0-1"]
[ICCResult "White resigns"]
[WhiteElo "1085"]
[BlackElo "1600"]
[Opening "Queen's pawn game"]
[ECO "D04"]
[NIC "QP.08"]
[Time "14:16:51"]
[TimeControl "180+0"]

1. d4 d5 2. Nf3 Nf6 3. e3 c5 4. b3 Nc6 5. Bd3 Bg4 6. Nbd2 e6 7. Bb2 Bd6 8.
O-O O-O 9. Qe1 Rc8 10. Ne5 Qc7 11. f4 Bf5 12. Rf3 Nb4 13. Bxf5 exf5 14. c3
Nc2 15. Qc1 Nxa1 16. Bxa1 cxd4 17. cxd4 Qxc1+ 18. Kf2 Qxd2+ 19. Kg3 Ne4+ 20.
Kh4 Qxg2 21. Rg3 Be7+ 22. Kh5 Qxh2+ {White resigns} 0-1

[Event "ICCopen2017"]
[Site "Internet Chess Club"]
[Date "2017.03.25"]
[Round "2"]
[White "LeonieHelm"]
[Black "Kandor"]
[Result "1-0"]
[ICCResult "Black checkmated"]
[WhiteElo "1621"]
[BlackElo "1136"]
[Opening "French: advance variation"]
[ECO "C02"]
[NIC "FR.03"]
[Time "14:17:02"]
[TimeControl "180+0"]

1. e4 e6 2. d4 d5 3. e5 c5 4. c3 Ne7 5. f4 Ng6 6. Nf3 f5 7. exf6 Qxf6 8. g3
Be7 9. Bg2 O-O 10. O-O Nd7 11. Ne5 Ndxe5 12. fxe5 Qxf1+ 13. Bxf1 Rxf1+ 14.
Qxf1 Bd7 15. h4 Rf8 16. Qg2 h5 17. Be3 Kf7 18. Nd2 Ke8 19. Rf1 Kd8 20. Rxf8+
Bxf8 21. Bg5+ Be7 22. dxc5 Kc7 23. c4 Bxc5+ 24. Kh2 Nxe5 25. cxd5 Ng4+ 26.
Kh3 Ne3 27. Bxe3 e5+ 28. Kh2 Bxe3 29. Nc4 Bd4 30. Qe4 b5 31. d6+ Kd8 32.
Nxe5 Bb6 33. Nf7+ Kc8 34. Qa8# {Black checkmated} 1-0

[Event "ICCopen2017"]
[Site "Internet Chess Club"]
[Date "2017.03.25"]
[Round "2"]
[White "Chigorinetz"]
[Black "Gruble"]
[Result "1-0"]
[ICCResult "Black resigns"]
[WhiteElo "1611"]
[BlackElo "1715"]
[Opening "King's pawn opening"]
[ECO "B07"]
[NIC "VO.17"]
[Time "14:16:45"]
[TimeControl "180+0"]

1. e4 d6 2. Nc3 c6 3. f4 Nd7 4. Nf3 e5 5. Bc4 Be7 6. d3 Ngf6 7. O-O O-O 8.
Kh1 b5 9. Bb3 a5 10. a4 b4 11. Ne2 h6 12. fxe5 dxe5 13. Ng3 Bc5 14. Nh4 Nb6
15. Ngf5 Be6 16. Nxh6+ gxh6 17. Bxh6 Bxb3 18. cxb3 Re8 19. Qf3 Nbd7 20. Qg3+
{Black resigns}
1-0

[Event "ICCopen2017"]
[Site "Internet Chess Club"]
[Date "2017.03.25"]
[Round "2"]
[White "veteranrus"]
[Black "KoolMan"]
[Result "0-1"]
[ICCResult "White resigns"]
[WhiteElo "1685"]
[BlackElo "2045"]
[Opening "two knights defense: Fritz variation"]
[ECO "C57"]
[NIC "KP.01"]
[Time "14:16:38"]
[TimeControl "180+0"]

1. e4 e5 2. Nf3 Nc6 3. Bc4 Nf6 4. Ng5 d5 5. exd5 Nd4 6. c3 b5 7. Bf1 Nxd5 8.
Nxf7 Kxf7 9. cxd4 exd4 10. Bxb5 Qe7+ 11. Qe2 Qxe2+ 12. Bxe2 Nb4 13. Na3 d3
14. Bf3 Rb8 15. O-O Bc5 16. Nc4 Be6 17. Ne5+ Kf6 18. Nc6 Nxc6 19. Bxc6 Bd4
20. Ba4 Rb4 21. Bb3 Bxb3 22. axb3 Rxb3 23. Rxa7 Bxa7 {White resigns} 0-1

[Event "ICCopen2017"]
[Site "Internet Chess Club"]
[Date "2017.03.25"]
[Round "2"]
[White "ALexiz"]
[Black "ShadowStorm"]
[Result "0-1"]
[ICCResult "White resigns"]
[WhiteElo "1655"]
[BlackElo "1379"]
[Opening "Queen's pawn"]
[ECO "A40"]
[NIC "QO.17"]
[Time "14:17:11"]
[TimeControl "180+0"]

1. d4 e6 2. Bf4 d5 3. Nf3 Nf6 4. e3 Be7 5. c3 c6 6. Bd3 O-O 7. Nbd2 Nbd7 8.
O-O Re8 9. h3 Bf8 10. Ne5 Nxe5 11. dxe5 Nd7 12. Qh5 g6 13. Qg4 Bg7 14. Qg3
f6 15. exf6 Nxf6 16. Rad1 Nh5 17. Qh2 e5 18. Bg3 Nxg3 19. Qxg3 e4 20. Be2
Bf5 21. Nb3 b6 22. Nd4 Qd7 23. Nxf5 Qxf5 24. Bg4 Qf6 25. Bd7 Re7 26. Bg4 h5
27. Be2 Kh7 28. h4 Rf8 29. Rc1 Qe6 30. Rc2 Be5 31. Qg5 Rf5 32. Qxf5 Qxf5
{White resigns}
0-1

[Event "ICCopen2017"]
[Site "Internet Chess Club"]
[Date "2017.03.25"]
[Round "2"]
[White "BryanL"]
[Black "Sibelephant"]
[Result "0-1"]
[ICCResult "White resigns"]
[WhiteElo "1998"]
[BlackElo "3058"]
[Opening "Robatsch defense: Pseudo-Austrian attack"]
[ECO "B06"]
[NIC "KF.05"]
[Time "14:17:10"]
[TimeControl "180+0"]

1. e4 g6 2. d4 Bg7 3. Nc3 d6 4. f4 a6 5. Nf3 b5 6. Bd3 Nd7 7. O-O c5 8. dxc5
Nxc5 9. Be3 Nxd3 10. cxd3 Nf6 11. a3 O-O 12. d4 Bb7 13. e5 Nd5 14. Nxd5 Bxd5
15. Qd2 Qd7 16. Rac1 f6 17. h3 Rfc8 18. Rxc8+ Rxc8 19. exd6 exd6 20. Kf2 f5
21. Rc1 Re8 22. Qc3 Bf6 23. Qc7 Qe6 24. Re1 Bxf3 25. Kxf3 Qe4+ 26. Kf2 Bxd4
27. Qc1 Qxf4+ {White resigns} 0-1

[Event "ICCopen2017"]
[Site "Internet Chess Club"]
[Date "2017.03.25"]
[Round "2"]
[White "Baerenstarker"]
[Black "ArchieGoodwin"]
[Result "0-1"]
[ICCResult "White resigns"]
[WhiteElo "1869"]
[BlackElo "2590"]
[Opening "QGD Slav: 3.Nf3"]
[ECO "D11"]
[NIC "SL.01"]
[Time "14:16:44"]
[TimeControl "180+0"]

1. d4 d5 2. c4 c6 3. Nf3 Nf6 4. g3 Bg4 5. cxd5 Bxf3 6. exf3 cxd5 7. Bg2 Nc6
8. O-O e6 9. Nc3 Be7 10. Re1 O-O 11. Bg5 h6 12. Bf4 Rc8 13. Rc1 Bd6 14. Bxd6
Qxd6 15. Qa4 a6 16. Ne2 Qb4 17. Qd1 Qxb2 18. Rb1 Qxa2 19. Rxb7 Rb8 20. Nc3
Qc4 21. Rxb8 Rxb8 22. Qd2 Qxd4 23. Qc1 Nb4 24. Bf1 Rc8 25. Re3 Na2 26. Qd1
Qxd1 27. Nxd1 Rc1 28. Be2 d4 29. Rd3 Nc3 30. Rxc3 dxc3 31. Kg2 c2 32. Nb2
Ra1 33. Nd3 a5 {White resigns} 0-1

[Event "ICCopen2017"]
[Site "Internet Chess Club"]
[Date "2017.03.25"]
[Round "2"]
[White "BillietheKid"]
[Black "grels"]
[Result "0-1"]
[ICCResult "White resigns"]
[WhiteElo "1410"]
[BlackElo "1733"]
[Opening "French: advance, Paulsen attack"]
[ECO "C02"]
[NIC "FR.03"]
[Time "14:16:34"]
[TimeControl "180+0"]

1. e4 e6 2. d4 d5 3. e5 c5 4. c3 Nc6 5. Nf3 Nge7 6. Bd3 cxd4 7. cxd4 Nf5 8.
Bxf5 exf5 9. O-O Be7 10. Nc3 Be6 11. Bf4 g5 12. Bd2 f4 13. Nb5 a6 14. Nd6+
Bxd6 15. exd6 h6 16. Bc3 Qxd6 17. Re1 O-O 18. Ne5 Ne7 19. a3 a5 20. Qh5 Kg7
21. h4 f6 22. hxg5 hxg5 23. Ng4 Rh8 24. Rxe6 Qxe6 {White resigns} 0-1

[Event "ICCopen2017"]
[Site "Internet Chess Club"]
[Date "2017.03.25"]
[Round "2"]
[White "eltigrecu"]
[Black "Xadrez47"]
[Result "1-0"]
[ICCResult "Black checkmated"]
[WhiteElo "1888"]
[BlackElo "1484"]
[Opening "Trompowsky attack (Ruth, Opocenský opening)"]
[ECO "A45"]
[NIC "QP.07"]
[Time "14:17:25"]
[TimeControl "180+0"]

1. d4 Nf6 2. Bg5 e6 3. e4 Be7 4. Nc3 h6 5. Bxf6 Bxf6 6. Nf3 d6 7. Bd3 e5 8.
dxe5 dxe5 9. O-O O-O 10. Qe2 Nc6 11. Rad1 Qe7 12. Nd5 Qd6 13. h3 Ne7 14. Bc4
Nxd5 15. Rxd5 Qe7 16. Rfd1 c6 17. Rd6 b5 18. Bb3 a5 19. Rxc6 Bb7 20. Rcd6
Rad8 21. Rxd8 Rxd8 22. Rxd8+ Qxd8 23. Qxb5 Bxe4 24. Qc4 Qd1+ 25. Kh2 Bxf3
26. Qxf7+ Kh7 27. c3 Qe2 28. Qg8+ Kg6 29. Qe8+ Kh7 30. Bg8+ Kh8 31. Bf7+ Kh7
32. Qg8# {Black checkmated} 1-0

[Event "ICCopen2017"]
[Site "Internet Chess Club"]
[Date "2017.03.25"]
[Round "2"]
[White "Kusox"]
[Black "skakmat"]
[Result "1-0"]
[ICCResult "Black resigns"]
[WhiteElo "2150"]
[BlackElo "1672"]
[Opening "Queen's gambit declined"]
[ECO "D30"]
[NIC "QO.17"]
[Time "14:17:21"]
[TimeControl "180+0"]

1. d4 e6 2. c4 d5 3. g3 c6 4. Bg2 Nf6 5. Nf3 Nbd7 6. O-O Be7 7. cxd5 exd5 8.
Nc3 O-O 9. Bf4 Re8 10. Ne5 Nxe5 11. Bxe5 Nd7 12. Bf4 Nf6 13. Be5 Nd7 14. Bf4
Nf6 15. e4 dxe4 16. Nxe4 Nxe4 17. Bxe4 Bd6 18. Qf3 Bxf4 19. Qxf4 Bh3 20.
Rfd1 Qe7 21. Bf3 Qd7 22. d5 c5 23. a3 Rad8 24. Rac1 b6 25. b4 Qd6 26. Qxd6
Rxd6 27. bxc5 bxc5 28. Rxc5 Red8 29. Bg2 Bg4 30. Rd4 Bf5 31. g4 Bg6 32. f4
f5 33. g5 Bf7 34. Ra5 a6 35. Bf1 Bxd5 36. Rdxd5 Rxd5 37. Rxd5 Rxd5 38. Bc4
{Black resigns}
1-0

[Event "ICCopen2017"]
[Site "Internet Chess Club"]
[Date "2017.03.25"]
[Round "2"]
[White "Eigeneier"]
[Black "chabotheking"]
[Result "1-0"]
[ICCResult "Black resigns"]
[WhiteElo "1879"]
[BlackElo "2480"]
[Opening "King's Indian: fianchetto without c4"]
[ECO "A49"]
[NIC "KI.79"]
[Time "14:18:30"]
[TimeControl "180+0"]

1. d4 Nf6 2. Nf3 g6 3. g3 Bg7 4. Bg2 O-O 5. c4 d6 6. O-O Nc6 7. d5 Nb8 8.
Nc3 e5 9. c5 e4 10. Ng5 dxc5 11. Ngxe4 Nxe4 12. Nxe4 b6 13. d6 cxd6 14. Nxd6
Bd4 15. Nxc8 {Black resigns} 1-0

[Event "ICCopen2017"]
[Site "Internet Chess Club"]
[Date "2017.03.25"]
[Round "2"]
[White "ibarra"]
[Black "cap78red2point1"]
[Result "1-0"]
[ICCResult "Black checkmated"]
[WhiteElo "2756"]
[BlackElo "1573"]
[Opening "Scandinavian (center counter) defense"]
[ECO "B01"]
[NIC "VO.17"]
[Time "14:16:24"]
[TimeControl "180+0"]

1. e4 d5 2. exd5 c6 3. dxc6 Nxc6 4. Nf3 Bg4 5. Bb5 Qb6 6. Nc3 Nf6 7. h3 Bh5
8. O-O O-O-O 9. Bxc6 bxc6 10. d3 e6 11. Re1 Bb4 12. Bd2 Nd5 13. Nxd5 Rxd5
14. Bxb4 Qxb4 15. c3 Qf4 16. Re3 Rhd8 17. d4 Rg5 18. Kh1 Rg6 19. Qa4 Bxf3
20. Rxf3 Qc7 21. Qa6+ Kb8 22. Re1 Rd5 23. g3 Rh5 24. Kg2 Qd7 25. c4 e5 26.
h4 Rxh4 27. Rh1 Rxh1 28. Kxh1 Qh3+ 29. Kg1 Rh6 30. Rb3+ Kc7 31. Qxa7+ Kd6
32. Qb8+ Ke6 33. Qxe5+ Kd7 34. Rb7+ Kc8 35. Qb8# {Black checkmated} 1-0

[Event "ICCopen2017"]
[Site "Internet Chess Club"]
[Date "2017.03.25"]
[Round "2"]
[White "Kjaan1974"]
[Black "Nakia"]
[Result "0-1"]
[ICCResult "White resigns"]
[WhiteElo "1382"]
[BlackElo "1717"]
[Opening "French: advance, Euwe variation"]
[ECO "C02"]
[NIC "FR.03"]
[Time "14:16:29"]
[TimeControl "180+0"]

1. e4 e6 2. d4 d5 3. e5 c5 4. c3 Bd7 5. Nf3 Nc6 6. Be2 b6 7. h3 h6 8. b3
Nge7 9. Be3 Ng6 10. Nbd2 Be7 11. O-O Rc8 12. a4 O-O 13. Nh2 a6 14. f4 f5 15.
g4 Be8 16. Rf2 Kh7 17. Nhf3 Nh4 18. Kh2 Nxf3+ 19. Nxf3 g6 20. Qg1 Rg8 21. g5
h5 22. Nh4 Bf7 23. Bxa6 Rb8 24. Bb5 Na5 25. Rb1 c4 26. b4 Nb3 27. Rfb2 Qc7
28. Rxb3 cxb3 29. Rxb3 Be8 30. Bxe8 Rgxe8 31. Nf3 Qc4 32. Qd1 Rec8 33. Nd2
Qd3 34. c4 dxc4 35. Rxd3 cxd3 36. Nb3 Rc2+ 37. Kg3 h4+ 38. Kxh4 Kg7 39. Qxd3
Rg2 {White resigns} 0-1

[Event "ICCopen2017"]
[Site "Internet Chess Club"]
[Date "2017.03.25"]
[Round "2"]
[White "anakinnn"]
[Black "toll"]
[Result "1/2-1/2"]
[ICCResult "Game drawn by repetition"]
[WhiteElo "1269"]
[BlackElo "1651"]
[Opening "Philidor's defense"]
[ECO "C41"]
[NIC "KP.10"]
[Time "14:16:27"]
[TimeControl "180+0"]

1. e4 e5 2. Nf3 d6 3. Bc4 Be6 4. Bxe6 fxe6 5. d4 exd4 6. Nxd4 Qd7 7. Qg4 e5
8. Qxd7+ Nxd7 9. Ne6 Rc8 10. Nxf8 Kxf8 11. Nc3 Ngf6 12. Be3 Kf7 13. a4 a6
14. b4 Rhd8 15. b5 a5 16. f3 b6 17. Nd5 Nxd5 18. exd5 Nf6 19. c4 e4 20. f4
Ng4 21. Bd4 Re8 22. h3 Nf6 23. Kf2 Re7 24. Rae1 Rce8 25. g4 Nd7 26. Re3 Nc5
27. Bxc5 dxc5 28. Rhe1 Kf6 29. Rd1 Rd7 30. Rde1 Rde7 31. Rd1 Rd8 32. Rde1
Rde8 33. Rd1 {Game drawn by repetition} 1/2-1/2

[Event "ICCopen2017"]
[Site "Internet Chess Club"]
[Date "2017.03.25"]
[Round "2"]
[White "stin"]
[Black "Soulbrother"]
[Result "1-0"]
[ICCResult "Black resigns"]
[WhiteElo "1907"]
[BlackElo "1406"]
[Opening "Lengfellner system"]
[ECO "B07"]
[NIC "VO.17"]
[Time "14:17:09"]
[TimeControl "180+0"]

1. e4 d6 2. d4 e6 3. Nc3 Be7 4. Be3 Nd7 5. Nf3 Ngf6 6. Qd2 O-O 7. h4 a6 8.
h5 Ng4 9. h6 Nxe3 10. Qxe3 g6 11. O-O-O Nf6 12. Kb1 Ng4 13. Qd2 b5 14. Qe1
b4 15. Ne2 e5 16. dxe5 Qe8 17. exd6 Bxd6 18. Ned4 Be6 19. Bd3 c5 20. Nxe6
Qxe6 21. Ng5 Qf6 22. f3 Ne5 23. Nh3 c4 24. Be2 c3 25. f4 Nc6 26. e5 Nxe5 27.
fxe5 Bxe5 28. Bc4 a5 29. Rf1 Qh8 30. Qf2 cxb2 31. Bxf7+ {Black resigns} 1-0

[Event "ICCopen2017"]
[Site "Internet Chess Club"]
[Date "2017.03.25"]
[Round "2"]
[White "Palse"]
[Black "bss2005"]
[Result "1-0"]
[ICCResult "Black resigns"]
[WhiteElo "2222"]
[BlackElo "1782"]
[Opening "Ruy Lopez: closed, Flohr-Zaitsev system (Lenzerheide variation)"]
[ECO "C92"]
[NIC "RL.26"]
[Time "14:16:21"]
[TimeControl "180+0"]

1. e4 e5 2. Nf3 Nc6 3. Bb5 a6 4. Ba4 Nf6 5. O-O Be7 6. Re1 b5 7. Bb3 d6 8.
c3 O-O 9. h3 Bb7 10. d4 Nd7 11. Nbd2 exd4 12. cxd4 Bf6 13. Nf1 Re8 14. N1h2
g6 15. Ng4 Bg7 16. Bxf7+ Kxf7 17. Ng5+ Kf8 18. Qb3 d5 19. Qxd5 Nce5 20.
Nxh7+ Ke7 21. Bg5+ Nf6 22. Ngxf6 Bxd5 23. Nxd5+ Kd7 24. Bxd8 Raxd8 25. dxe5
Rxe5 26. Nhf6+ Bxf6 27. Nxf6+ Ke7 28. Ng4 Rc5 29. Rac1 {Black resigns} 1-0

[Event "ICCopen2017"]
[Site "Internet Chess Club"]
[Date "2017.03.25"]
[Round "2"]
[White "jabulina"]
[Black "mahh"]
[Result "0-1"]
[ICCResult "White forfeits on time"]
[WhiteElo "1720"]
[BlackElo "1637"]
[Opening "Sicilian: Labourdonnais-Löwenthal (Kalashnikov) variation"]
[ECO "B32"]
[NIC "SI.32"]
[Time "14:17:00"]
[TimeControl "180+0"]

1. e4 c5 2. Nf3 Nc6 3. d4 cxd4 4. Nxd4 e5 5. Nb5 d6 6. Be3 a6 7. N5c3 Be6 8.
Nd2 Nf6 9. Nc4 Be7 10. Nb6 Rb8 11. f3 O-O 12. g4 Nd7 {White forfeits on
time} 0-1

[Event "ICCopen2017"]
[Site "Internet Chess Club"]
[Date "2017.03.25"]
[Round "2"]
[White "KidRattler"]
[Black "Koval"]
[Result "0-1"]
[ICCResult "White checkmated"]
[WhiteElo "1501"]
[BlackElo "1943"]
[Opening "Sicilian: Smith-Morra gambit"]
[ECO "B21"]
[NIC "SI.48"]
[Time "14:18:11"]
[TimeControl "180+0"]

1. e4 c5 2. d4 cxd4 3. c3 d5 4. exd5 Qxd5 5. Nf3 Bg4 6. Qxd4 Bxf3 7. gxf3
Qxd4 8. cxd4 Nc6 9. Be3 e6 10. Nc3 Bb4 11. O-O-O Nf6 12. Bc4 Rc8 13. Nb5 Na5
14. b3 Nxc4 15. bxc4 Rxc4+ 16. Kb2 a6 17. Na3 Bxa3+ 18. Kxa3 Nd5 19. Rd2 Kd7
20. Rb1 b5 21. Rg1 g6 22. Rb1 Rhc8 23. Rb3 h5 24. Rdb2 Ra4# {White
checkmated} 0-1

[Event "ICCopen2017"]
[Site "Internet Chess Club"]
[Date "2017.03.25"]
[Round "2"]
[White "ErnestoRondon"]
[Black "bennywins"]
[Result "1-0"]
[ICCResult "Black checkmated"]
[WhiteElo "1827"]
[BlackElo "1461"]
[Opening "Sicilian: Alapin's variation (2.c3)"]
[ECO "B22"]
[NIC "SI.46"]
[Time "14:16:25"]
[TimeControl "180+0"]

1. e4 c5 2. c3 Nc6 3. d4 cxd4 4. cxd4 e6 5. d5 Ne5 6. f4 Ng6 7. d6 Qb6 8. e5
Nh6 9. Nf3 f6 10. Nc3 fxe5 11. fxe5 Ng4 12. Qc2 N4xe5 13. Nxe5 Nxe5 14. Be2
Bxd6 15. Bf4 Ng6 16. Bxd6 Qxd6 17. O-O b6 18. Bd3 Ne5 19. Rad1 Nxd3 20. Rxd3
Qc6 21. Rdf3 Bb7 22. Qe2 O-O-O 23. Kh1 g6 24. R3f2 Kb8 25. Nb5 Qd5 26. Nc3
Qc6 27. Rc1 Qd6 28. Rd1 Qe7 29. Ne4 Rhf8 30. Rxf8 Rxf8 31. Nd6 Bd5 32. Nb5
Bxa2 33. Qe5+ Ka8 34. h3 a6 35. Nd6 Bd5 36. Rxd5 Qd8 37. Rd1 Rf2 38. Qe4+
Kb8 39. Qb7# {Black checkmated} 1-0

[Event "ICCopen2017"]
[Site "Internet Chess Club"]
[Date "2017.03.25"]
[Round "2"]
[White "arshavin2015"]
[Black "ziggyalbert"]
[Result "1-0"]
[ICCResult "Black checkmated"]
[WhiteElo "2044"]
[BlackElo "1309"]
[Opening "Sicilian: Nimzovich-Rossolimo attack (with ...g6, without ...d6)"]
[ECO "B31"]
[NIC "SI.31"]
[Time "14:17:26"]
[TimeControl "180+0"]

1. e4 c5 2. Nf3 Nc6 3. Bb5 g6 4. Bxc6 bxc6 5. d3 Bg7 6. O-O d6 7. h3 Nf6 8.
Nc3 O-O 9. Bg5 Be6 10. Qd2 Re8 11. Bh6 Bh8 12. Ng5 d5 13. Nxe6 fxe6 14. Rae1
d4 15. Ne2 e5 16. f4 Nh5 17. f5 e6 18. g4 Nf6 19. Ng3 exf5 20. gxf5 Qe7 21.
Qg2 Qf7 22. Bg5 Qxa2 23. Bxf6 Bxf6 24. fxg6 hxg6 25. Rxf6 Kg7 26. Nh5+ Kh6
27. Qxg6# {Black checkmated} 1-0

[Event "ICCopen2017"]
[Site "Internet Chess Club"]
[Date "2017.03.25"]
[Round "2"]
[White "arbuzio"]
[Black "sanguine"]
[Result "1-0"]
[ICCResult "Black resigns"]
[WhiteElo "1602"]
[BlackElo "1008"]
[Opening "Scotch: Göring gambit"]
[ECO "C44"]
[NIC "SO.06"]
[Time "14:17:53"]
[TimeControl "180+0"]

1. e4 e5 2. Nf3 Nc6 3. d4 exd4 4. c3 dxc3 5. Bc4 Nf6 6. Nxc3 Bc5 7. e5 Ng4
8. Bxf7+ Kf8 9. O-O d5 10. Bxd5 Ncxe5 11. Nxe5 Nxe5 12. Bf4 Ng4 13. Qf3 c6
14. Bc7+ Ke8 15. Bxd8 Bxf2+ 16. Rxf2 Nxf2 17. Qxf2 Kxd8 18. Bf3 Rf8 19. Qh4+
Kc7 20. Qg3+ Kb6 21. Na4+ Ka6 22. Nc5+ Kb6 23. Qf2 Kc7 24. Ne6+ Kd7 25.
Nxf8+ Kc7 26. Nxh7 {Black resigns} 1-0